Map: Frozen Temple

Players

DarkHellSoul - Winner!

  • Race: Zerg Zerg
  • League: Silver
  • Spawn Location: 11:00

Fropez

  • Race: Protoss Protoss
  • League: Silver
  • Spawn Location: 5:00

VOD

Have the link to the VOD?

Description

Time

  • Played on: May 11, 2016, 12:21 p.m.
  • Length: 25:27
Show
View Real Time Build Order
Export as new Build Order

DarkHellSoul Zerg - Winner!

Build Orders: 3 Hatch before Pool 

Get SALT Encoding   

  12  0:03  Drone  
  13  0:09  Drone  
  14  0:17  Overlord  
  14  0:36  Drone x2  
  14  0:38  Drone  
  17  0:47  Drone  
  18  1:03  Hatchery  
  17  1:05  Drone  
  18  1:11  Drone  
  19  1:25  Drone  
  20  1:35  Extractor, Drone  
  20  1:38  Hatchery  
  19  1:43  Drone  
  20  1:50  Spawning Pool  
  20  1:54  Drone  
  20  2:04  Drone  
  21  2:13  Evolution Chamber  
  21  2:15  Drone  
  21  2:18  Drone  
  22  2:27  Drone x2  
  24  2:35  Overlord  
  24  2:38  Metabolic Boost  
  24  2:41  Drone  
  25  2:45  Extractor  
  25  2:46  Queen  
  26  3:01  Zergling x6, Drone  
  26  3:02  Zergling x2  
  30  3:13  Zergling x6  
  29  3:32  Zergling x4  
  31  3:34  Queen  
  31  3:37  Queen  
  31  3:38  Drone  
  36  3:41  Zerg Melee Weapons Level 1  
  36  3:49  Drone x3  
  36  3:50  Zergling x2, Drone  
  41  3:58  Evolution Chamber  
  41  4:02  Roach Warren  
  39  4:06  Drone x3  
  42  4:16  Overlord  
  42  4:20  Overlord  
  42  4:26  Extractor  
  42  4:28  Extractor, Queen  
  42  4:31  Extractor  
  42  4:32  Overlord  
  42  4:34  Extractor  
  40  4:44  Drone x2  
  42  5:06  Overlord x3, Drone  
  43  5:07  Drone x2  
  43  5:08  Zergling x2, Roach  
  43  5:09  Roach  
  50  5:33  Lair  
  50  5:47  Drone  
  50  5:48  Overlord x2, Drone x3  
  50  5:49  Overlord, Drone x3  
  57  5:50  Drone  
  57  6:14  Zergling x2, Roach  
  57  6:15  Zergling x2, Roach  
  57  6:16  Zergling x2, Roach  
  66  6:20  Zerg Missile Weapons Level 1  
  66  6:24  Zerg Ground Armor Level 1  
  67  6:25  Drone  
  67  6:30  Glial Reconstitution  
  67  6:33  Zergling x2  
  67  6:34  Drone  
  69  6:59  Zergling x2  
  69  7:00  Zergling x2, Roach x2  
  75  7:10  Infestation Pit  
  75  7:11  Spire  
  75  7:14  Drone  
  75  7:15  Drone x2  
  76  7:17  Zergling x2, Roach  
  76  7:18  Drone  
  76  7:19  Zergling x2, Roach  
  83  7:53  Zergling x2, Roach  
  83  7:54  Zergling x2, Drone x3  
  83  7:55  Drone  
  83  7:56  Drone x2  
  93  8:12  Zergling x2, Roach  
  95  8:13  Zergling x2  
  95  8:18  Overlord x2  
  96  8:20  Overlord  
  96  8:24  Zerg Flyer Weapons Level 1  
  96  8:32  Spire  
  92  8:42  Zerg Ground Armor Level 2  
  92  8:43  Zerg Melee Weapons Level 2  
  90  8:52  Ravager x5  
  90  8:53  Ravager  
  90  8:54  Zergling x2, Roach  
  90  8:55  Zergling x2, Mutalisk x3  
  106  9:05  Zergling x4, Roach  
  106  9:06  Zergling x2, Roach  
  106  9:09  Drone  
  114  9:11  Drone  
  114  9:12  Drone  
  114  9:17  Overlord  
  116  9:19  Drone  
  116  9:22  Drone  
  118  9:25  Drone  
  118  9:28  Drone  
  121  9:31  Drone  
  121  9:48  Hive  
  107  10:10  Drone x3  
  107  10:11  Zergling x2, Mutalisk x3, Roach  
  107  10:14  Drone x2  
  108  10:51  Zergling x2  
  108  10:52  Drone x3, Roach  
  108  10:53  Drone x5  
  108  10:54  Drone  
  108  10:55  Zergling x2, Roach  
  123  10:57  Overlord  
  123  10:59  Zerg Missile Weapons Level 2  
  123  11:06  Zerg Ground Armor Level 3  
  123  11:10  Zerg Flyer Armor Level 1  
  123  11:11  Zerg Flyer Weapons Level 2  
  123  11:37  Adrenal Glands  
  123  11:43  Zergling x2, Mutalisk, Roach  
  123  11:44  Zergling x2, Mutalisk x2, Roach  
  123  11:45  Zergling x2, Roach  
  138  12:18  Overlord  
  138  12:19  Overlord x3  
  138  12:21  Overlord  
  138  12:22  Overlord  
  138  12:25  Overlord  
  138  12:42  Corruptor  
  138  12:43  Mutalisk x4  
  148  12:44  Mutalisk  
  148  12:47  Mutalisk  
  152  12:52  Overseer  
  152  12:54  Overseer  
  152  12:56  Hatchery  
  151  12:58  Burrow  
  141  13:15  Zerg Melee Weapons Level 3  
  138  13:30  Mutalisk  
  138  13:31  Mutalisk x3  
  138  13:32  Zergling x2  
  147  13:44  Zerg Missile Weapons Level 3  
  147  13:48  Zerg Flyer Weapons Level 3  
  147  13:53  Drone  
  147  13:54  Drone  
  145  14:29  Zergling x2, Mutalisk x2  
  145  14:30  Mutalisk x2, Roach  
  156  14:31  Mutalisk x2  
  156  14:33  Overlord  
  160  14:53  Mutalisk x4  
  160  14:55  Zergling x2, Roach  
  160  14:59  Drone x2  
  173  15:07  Spore Crawler  
  168  15:28  Mutalisk  
  168  15:29  Mutalisk x6  
  168  15:31  Zergling x2  
  183  15:40  Drone x2  
  183  15:42  Drone  
  186  15:44  Drone  
  158  16:10  Mutalisk x3  
  158  16:11  Mutalisk x3  
  145  16:12  Overlord, Mutalisk  
  153  16:25  Zerg Flyer Armor Level 2  
  148  16:31  Mutalisk x4  
  77  17:19  Mutalisk x5  
  87  17:27  Extractor  
  87  17:28  Extractor  
  85  17:40  Drone x2  
  85  17:44  Mutalisk x3  
  93  18:34  Mutalisk  
  93  18:35  Mutalisk x5  
  105  19:03  Zerg Flyer Armor Level 3  
  105  19:05  Zergling x2  
  105  19:06  Zergling x16  
  105  19:07  Zergling x14  
  121  19:17  Hatchery  
  98  20:18  Zergling x2  
  98  20:19  Zergling x6, Roach  
  98  20:20  Mutalisk x3  
  101  20:21  Mutalisk x4  
  101  20:22  Mutalisk  
  103  20:58  Extractor  
  103  20:59  Extractor  
  97  21:13  Drone  
  97  21:14  Drone x3  
  101  21:20  Drone x3  
  104  21:37  Drone x2  
  104  21:38  Drone  
  102  22:10  Mutalisk x4  
  102  22:11  Mutalisk x2  
  114  22:20  Extractor  
  114  22:22  Extractor  
  112  22:23  Drone  
  112  22:24  Drone x4  
  112  22:25  Drone x2  
  119  23:11  Mutalisk x5  
  129  23:12  Mutalisk  
  129  23:49  Mutalisk x3  
  129  23:50  Mutalisk x2  
  137  24:46  Mutalisk x4  
  137  24:47  Mutalisk  
  137  24:51  Drone x4  
  137  24:52  Drone  
Show
View Real Time Build Order
Export as new Build Order

Fropez Protoss 

Build Orders:  

Get SALT Encoding   

  12  0:01  Probe (Chrono Boost)  
  13  0:17  Pylon  
  13  0:18  Probe (Chrono Boost)  
  14  0:29  Probe (Chrono Boost)  
  15  0:38  Gateway  
  15  0:39  Probe (Chrono Boost)  
  16  0:46  Assimilator  
  17  0:50  Probe (Chrono Boost)  
  17  0:56  Pylon  
  17  1:00  Probe (Chrono Boost)  
  18  1:16  Pylon  
  18  1:25  Cybernetics Core  
  18  1:28  Probe (Chrono Boost)  
  18  1:29  Assimilator  
  19  1:38  Probe (Chrono Boost)  
  20  1:49  Forge, Probe (Chrono Boost)  
  21  2:01  Adept  
  23  2:05  Mothership Core (Chrono Boost)  
  23  2:07  Warp Gate (Chrono Boost)  
  25  2:19  Pylon  
  25  2:23  Probe (Chrono Boost)  
  25  2:28  Protoss Ground Weapons Level 1  
  26  2:38  Adept  
  28  2:47  Pylon  
  28  2:49  Probe  
  29  3:01  Probe  
  29  3:05  Adept  
  32  3:30  Probe  
  31  3:42  Gateway  
  31  3:44  Gateway  
  31  3:46  Gateway  
  31  3:47  Probe  
  32  3:53  Pylon  
  32  4:00  Probe  
  33  4:29  Probe, Robotics Facility  
  34  4:32  Nexus  
  34  4:37  Pylon  
  34  4:43  Stalker x2  
  39  4:52  Probe  
  39  5:05  Probe  
  40  5:11  Gateway  
  40  5:13  Pylon, Gateway  
  40  5:17  Probe  
  41  5:23  Immortal (Chrono Boost)  
  45  5:33  Probe  
  46  5:40  Pylon  
  46  5:45  Probe  
  46  5:49  Probe  
  48  5:52  Adept  
  50  5:57  Probe  
  50  6:02  Immortal (Chrono Boost)  
  55  6:10  Probe  
  52  6:16  Probe  
  52  6:17  Assimilator  
  53  6:18  Assimilator  
  53  6:27  Twilight Council  
  53  6:31  Pylon, Probe  
  54  6:36  Observer (Chrono Boost), Probe  
  56  6:41  Zealot x3  
  62  6:49  Probe  
  62  6:50  Immortal (Chrono Boost)  
  62  6:51  Protoss Ground Armor Level 1 (Chrono Boost)  
  63  6:55  Probe  
  63  7:01  Probe  
  69  7:07  Probe  
  70  7:13  Probe, Gateway  
  71  7:17  Resonating Glaives  
  71  7:19  Probe  
  72  7:25  Probe  
  72  7:26  Observer  
  74  7:42  Warp Prism  
  74  7:45  Probe x2  
  74  7:51  Adept x6  
  78  8:42  Adept x5  
  78  8:43  Adept  
  82  8:50  Probe x2  
  82  8:54  Protoss Ground Weapons Level 2 (Chrono Boost)  
  84  9:10  Nexus  
  84  9:12  Probe  
  84  9:13  Pylon x2, Probe  
  86  9:18  Pylon  
  86  9:22  Pylon  
  86  9:25  Probe  
  86  9:26  Forge  
  79  10:01  Probe  
  79  10:02  Probe  
  79  10:06  Zealot x6  
  89  10:10  Gateway  
  89  10:13  Probe, Gateway  
  90  10:14  Photon Cannon  
  90  10:15  Probe  
  88  10:38  Zealot x6  
  86  10:51  Probe  
  87  10:57  Probe  
  87  11:00  Probe  
  87  11:03  Probe  
  90  11:09  Protoss Ground Weapons Level 3 (Chrono Boost)  
  90  11:18  Stalker x4  
  98  11:26  Protoss Ground Armor Level 2 (Chrono Boost)  
  98  11:27  Templar Archives  
  98  11:32  Pylon  
  98  11:44  Adept x3  
  98  11:45  Adept  
  106  11:49  Adept x2  
  106  11:50  Photon Cannon  
  106  11:52  Photon Cannon x2  
  106  11:54  Assimilator  
  110  11:55  Pylon  
  110  11:58  Probe  
  110  12:00  Probe  
  112  12:06  Charge  
  112  12:11  High Templar x5  
  112  12:12  High Templar x2  
  112  12:15  Archon x2  
  126  12:16  Archon  
  126  12:21  Gateway  
  126  12:30  Pylon  
  126  12:31  Probe  
  126  12:33  Probe, Immortal  
  126  12:35  Gateway  
  120  13:30  Probe  
  120  13:31  Probe  
  120  13:32  Probe  
  123  13:44  Photon Cannon  
  123  13:47  Zealot x4  
  123  13:48  Zealot x3  
  137  13:49  Pylon  
  137  13:56  Gateway  
  137  13:59  Gateway  
  137  14:00  Pylon  
  137  14:01  Pylon x2, Assimilator x2, Gateway, Nexus  
  137  14:03  Assimilator  
  137  14:04  Probe  
  137  14:05  Probe  
  137  14:06  Probe  
  140  14:20  Robotics Bay  
  140  14:21  Robotics Facility  
  140  14:23  Robotics Facility  
  138  14:36  Photon Cannon  
  138  14:37  Pylon  
  138  14:38  Pylon  
  137  14:39  Immortal  
  141  14:56  Probe  
  141  14:58  Probe  
  143  15:11  Zealot x3  
  143  15:12  Zealot x5  
  143  15:13  Immortal, Zealot  
  161  15:17  Probe  
  161  15:19  Probe  
  139  15:35  Robotics Facility  
  139  15:38  Robotics Facility x2  
  139  15:39  Colossus x2  
  151  15:44  Zealot x3  
  157  15:55  High Templar x4  
  157  15:56  High Templar x2  
  148  16:06  Archon x3  
  109  16:22  High Templar x3  
  109  16:23  High Templar x3  
  117  16:26  Archon  
  117  16:27  Archon  
  117  16:28  Archon  
  117  16:30  High Templar x2  
  75  16:59  Stalker x3  
  75  17:00  Stalker  
  75  17:08  Probe x2  
  73  17:09  Probe  
  76  17:21  Probe  
  77  17:46  Nexus  
  77  17:49  Assimilator  
  77  17:50  Assimilator  
  77  17:51  Zealot x7  
  81  17:53  Probe  
  81  17:54  Pylon  
  81  17:55  Pylon  
  86  18:10  Extended Thermal Lance (Chrono Boost)  
  85  18:16  High Templar  
  85  18:17  Stalker  
  85  18:18  Stalker x5  
  97  18:33  Pylon  
  97  18:36  Pylon  
  97  18:41  Nexus  
  97  18:45  Pylon, Assimilator  
  97  18:57  Pylon  
  97  19:00  Assimilator  
  97  19:04  Gateway  
  97  19:06  Gateway  
  97  19:08  Pylon, Gateway  
  97  19:11  Photon Cannon  
  97  19:15  Probe x2, Gateway  
  97  19:17  Probe  
  100  19:26  Pylon  
  100  19:28  Photon Cannon  
  100  19:38  Zealot  
  100  19:39  Zealot x5  
  112  19:48  Stalker  
  89  20:10  Stalker x2  
  89  20:11  Stalker x4  
  101  20:22  Pylon  
  75  20:36  Stalker x2  
  75  20:42  Blink (Chrono Boost)  
  72  21:00  Probe  
  72  21:02  Probe  
  74  21:14  Nexus  
  74  21:30  Probe x2  
  74  21:32  Probe  
  77  21:41  Probe x2  
  70  22:11  Protoss Ground Armor Level 3 (Chrono Boost)  
  70  22:12  Protoss Shields Level 1 (Chrono Boost)  
  70  22:18  Probe  
  70  22:20  Probe  
  72  22:24  Probe  
  72  22:28  Probe  
  73  22:32  Probe  
  75  22:38  Mothership Core  
  77  22:59  Assimilator  
  77  23:02  Assimilator  
  77  23:04  Stalker x3  
  81  23:06  Stalker  
  83  23:31  Stalker x4  
  85  24:08  Pylon  
  85  24:13  Probe x3, Gateway  
  85  24:15  Gateway  
  85  24:16  Gateway  
  88  24:18  Pylon, Gateway  
  84  24:44  Pylon  
  84  24:46  Pylon  
  84  24:47  Pylon  
  84  25:03  Probe x2  
  80  25:13  Probe x2  
Tags
 
Add a new tag
Caveats
  • Supply blocks, unpowered buildings, or Contaminate may cause inaccurate times.
  • Supply counts are checked every 10 seconds.